[Event "Austrian Bundesliga 2023-24"]
[Site "Austria"]
[Date "2024.03.21"]
[Round "8.30"]
[White "Jablonicky, Martin"]
[Black "Neyman, Igor"]
[Result "1/2-1/2"]
[ECO "D02"]
[WhiteElo "2393"]
[BlackElo "2302"]
[Annotator "TA"]
[PlyCount "109"]
[EventDate "2023.10.21"]
[EventType "team-tourn"]
[EventCountry "AUT"]
[SourceTitle "playchess.com"]
[Source "ChessBase"]
[SourceQuality "1"]
[TimeControl "40/5400+30:1800+30"]

1. d4 d5 2. Nf3 c6 3. Bf4 Bf5 4. e3 e6 5. c4 Nf6 6. Nc3 dxc4 7. Bxc4 Qb6 {[%emt 0:02:23] D15: Slav Defence: 4 Nc3 a6 and gambit lines after 4 Nc3 dxc4.} 8. Qb3 Nbd7 9. O-O Be7 10. h3 O-O 11. Nh4 Qxb3 12. Bxb3 $146 ({Predecessor:} 12. axb3 Be4 13. Nxe4 Nxe4 14. Nf3 Bd6 15. Bxd6 Nxd6 16. Bd3 c5 17. Rfc1 Rfc8 18. Ne5 Nxe5 19. dxe5 {1-0 Afonasieva,A (2274)-Shcherbashin,V (2143) Tambov Korensky Memorial 29th 2020 (2)}) 12... Bd3 13. Rfd1 Ba6 14. Nf3 Rac8 15. e4 Rfd8 16. Be3 b6 17. g4 h6 18. g5 hxg5 19. Nxg5 Nh7 (19... c5 $5) 20. h4 Nxg5 21. hxg5 c5 22. d5 c4 $1 23. d6 Bf8 $1 24. Ba4 e5 ({Black should try} 24... Ne5 $15 25. d7 Rc7) 25. f4 $14 f6 26. f5 (26. gxf6 $16 gxf6 27. Rd2) 26... fxg5 $14 27. Bxg5 Nf6 28. d7 $1 Rc5 $1 29. Rac1 Kf7 30. Rd2 (30. a3 $16) 30... Be7 (30... Bb7 $1 $11) 31. Rcd1 $14 b5 32. Bxf6 (32. b4 $16 Rc7 33. Bxf6 (33. Bxb5 Bxb5 34. Bxf6 gxf6 $11) 33... gxf6 34. Nxb5 Bxb5 35. Bxb5) 32... gxf6 (32... Kxf6 $11 {keeps the balance.} 33. Rg2 (33. Bc2 Bb7 $11) 33... Kf7 (33... g5 $2 34. fxg6 Kg7 35. Rf1 $18)) 33. b4 $16 Rc7 34. Nxb5 Bxb5 (34... Rb7 $16 {was necessary.} 35. Nd6+ Bxd6 36. Rxd6 Bb5 37. Bxb5 Rxb5) 35. Bxb5 $18 Bxb4 36. Rh2 c3 $2 (36... Ba3 37. Rh7+ Kg8) 37. Ba4 $18 c2 38. Rxc2 $2 (38. Bxc2 $18 {is more deadly.} Kg7 39. Ba4) 38... Rxc2 $16 39. Bxc2 Ke7 40. Ba4 Bc5+ 41. Kg2 Bb6 $2 {[%emt 0:10:48] [#]} (41... Rg8+ $16 {might work better.} 42. Kf3 Rb8) 42. Rc1 $1 $18 Rg8+ 43. Kf3 Bd8 44. Rc8 Rh8 45. Kg4 (45. Rc6 $18 {aiming for Re6+.} Kxd7 46. Rxf6+ Kc8 47. Rc6+ Kb7 48. Re6) 45... Rg8+ ({Black should play} 45... Rh2 $1 $14) 46. Kf3 Rh8 $1 47. Ra8 (47. Rc6 $18 {Black must now prevent Re6+.} Kxd7 48. Rxf6+ Kc8 49. Rc6+ Kb8 50. Bb3) 47... Rh3+ $1 $14 48. Kg2 Ra3 49. Rxa7 Rxa2+ 50. Kf3 Ra3+ 51. Ke2 Re3+ 52. Kd2 ({Better is} 52. Kxe3 $16 {Threatening mate with Kd3.} Bb6+ 53. Kd3 Bxa7 54. Kc4) 52... Rxe4 $11 53. Ra6 Rd4+ 54. Ke2 Rd6 55. Rxd6 1/2-1/2

[Event "Austrian Bundesliga 2023-24"]
[Site "Austria"]
[Date "2024.03.21"]
[Round "8.31"]
[White "Baldauf, Marco"]
[Black "Donchenko, Alexander"]
[Result "0-1"]
[ECO "A05"]
[WhiteElo "2481"]
[BlackElo "2631"]
[Annotator "TA"]
[PlyCount "124"]
[EventDate "2023.10.21"]
[EventType "team-tourn"]
[EventCountry "AUT"]
[SourceTitle "playchess.com"]
[Source "ChessBase"]
[SourceQuality "1"]
[TimeControl "40/5400+30:1800+30"]

1. Nf3 Nf6 2. c4 g6 3. g3 Bg7 4. Bg2 O-O 5. O-O d6 6. Nc3 e5 7. d3 a5 8. Rb1 c6 9. h3 {[%emt 0:04:22] A24: English Opening vs King's Indian: Lines without ...Nc6.} Re8 10. e4 h6 11. Be3 Be6 12. Qd2 $146 ({Predecessor:} 12. Qc1 Kh7 13. Rd1 Qe7 14. b3 Na6 15. a3 Bd7 16. Bb6 Nc5 17. b4 axb4 18. axb4 {1-0 Sadewasser,A (2216)-Bloessl,W (2199) Verbandsliga Nord Baden 0910 2009 (3.3)}) 12... Kh7 13. Rbd1 d5 14. exd5 cxd5 15. d4 e4 16. Ne5 Nc6 17. b3 dxc4 18. bxc4 (18. Nxe4 $2 {too greedy.} Nxe4 (18... cxb3 19. Nc5 $15) 19. Bxe4 Nxe5 (19... Bxh3 20. Nxc6 bxc6 21. Bxc6 $11) 20. dxe5 cxb3 $19 (20... Bxh3 21. Qxd8 Raxd8 22. Rxd8 $15) (20... Bxe5 21. bxc4 Qc7 $16)) 18... Nxe5 $1 19. dxe5 Qxd2 $1 20. Rxd2 Nd7 21. Nxe4 Nxe5 22. Nd6 Nxc4 $1 23. Nxc4 Bxc4 24. Rc1 Be6 $1 25. Bxb7 Rad8 26. Bg2 (26. a4 $11) 26... Rxd2 $17 27. Bxd2 {[%emt 0:00:02] [#]} a4 $1 28. Bc6 $2 {[%emt 0:01:36] [#]} (28. a3 $17 {was forced.}) 28... Rd8 $1 $19 29. Bb4 Rc8 30. Ba3 Bxa2 31. Kf1 ({Much weaker is} 31. Bxa4 Ra8 32. Rd1 Rxa4 $19) 31... Kg8 32. h4 ({Of course not} 32. Bxa4 Ra8 33. h4 Rxa4 $19) (32. Bd7 $142 Rxc1+ 33. Bxc1) 32... Bf8 33. Bxa4 Bc4+ 34. Rxc4 Rxc4 35. Bxf8 Kxf8 36. Bb3 Rc7 37. Kg2 Ke7 38. Bd5 Kd6 39. Ba8 Ke5 40. f4+ $2 (40. Bf3) 40... Kd4 $19 41. Kf3 Rc3+ 42. Kf2 Rc2+ 43. Kf3 f5 (43... Rc8 $142 44. Bb7 Rc3+ 45. Kf2 Rc2+ 46. Kf3 Rc5) 44. Bb7 $19 Ra2 45. Bc6 Rb2 46. Ba8 Rb8 47. Bc6 Kc5 48. Ba4 Ra8 49. Bd1 Kd4 50. Kf2 (50. Be2 $19 Ra3+ 51. Kf2) 50... Ra2+ 51. Kf3 h5 52. Be2 Ra3+ 53. Kg2 Ke4 54. Bc4 Rc3 55. Bf7 Rc2+ 56. Kh3 Rc6 57. Kg2 Rd6 58. Be8 Ke3 59. Bf7 Rd2+ 60. Kg1 Kf3 61. Bxg6 Kxg3 62. Bxh5 Kxh4 0-1

[Event "Austrian Bundesliga 2023-24"]
[Site "Austria"]
[Date "2024.03.21"]
[Round "8.32"]
[White "Bluebaum, Matthias"]
[Black "Prusikin, Michael"]
[Result "1/2-1/2"]
[ECO "E04"]
[WhiteElo "2655"]
[BlackElo "2508"]
[Annotator "TA"]
[PlyCount "69"]
[EventDate "2023.10.21"]
[EventType "team-tourn"]
[EventCountry "AUT"]
[SourceTitle "playchess.com"]
[Source "ChessBase"]
[SourceQuality "1"]
[TimeControl "40/5400+30:1800+30"]

1. d4 d5 2. c4 e6 3. Nf3 Nf6 4. g3 dxc4 5. Bg2 c5 6. O-O Nc6 7. Na3 cxd4 8. Nxc4 Bc5 9. a3 a5 10. b3 Nd7 11. Bb2 e5 12. b4 axb4 13. axb4 Rxa1 14. Qxa1 Nxb4 15. Ncxe5 Nxe5 16. Nxe5 O-O 17. Nf3 Nc6 18. e3 dxe3 $15 19. Bxg7 exf2+ 20. Kh1 Re8 {[%emt 0:00:00] Strongly threatening ...Re6.} 21. Bh8 {[%emt 0:00:00] [#]} f6 $1 22. Bxf6 $11 Qd3 $36 {[%emt 0:06:54][%mdl 2048] next ...Bg4 is good for Black. Black fights for an advantage.} 23. Ng5 {[%emt 0:03:18] Really sharp!} Nb4 {[%emt 0:10:22] Prevents Qa2+. ...Bd7 would now be deadly.} 24. Qc1 {[%emt 0:12:59] [#]} (24. Bc3 $11 Qc4 25. Bxb4 Bxb4 26. Qb1) 24... b6 $1 $17 {[%emt 0:04:36][%cal Od3f1] ...Qxf1+! is the strong threat.} 25. h4 $2 (25. Qf4 Re1) (25. Bc3 $17 Na2 26. Qf4) 25... Ba6 (25... Qxg3 $2 26. Qc4+ $18) 26. Kh2 ({Not} 26. Qf4 $2 Nd5 27. Qc1 Nxf6 $19) 26... h6 27. Nh3 Qg6 28. Bc3 (28. Qf4 $142 Rf8 29. Rxf2 Bxf2 30. Qxf2 Qxf6 (30... Rxf6 $2 31. Nf4 $19) 31. Nf4) 28... Re3 $19 29. Bxb4 Qxg3+ 30. Kh1 Bxf1 (30... Bb7 $142 31. Qc4+ Kh8 32. Bc3+ Rxc3 33. Qxc3+ Qxc3 34. Nf4 Qg3 35. Ng6+ Kg7 (35... Qxg6 $2 {gets mated.} 36. Rxf2 Bxf2 37. Bxb7 Qg1#) 36. Rxf2 Qh3+ 37. Kg1 Qxg2#) 31. Bxf1 Qf3+ 32. Kh2 Qg3+ 33. Kh1 Qf3+ (33... Qxh4 34. Qc4+ Qxc4 35. Bxc4+ Kh7 36. Bxc5 Rxh3+ 37. Kg2 $17) (33... Bxb4 $142 34. Qc4+ Kh7 35. Qf7+ Kh8 36. Qf6+ Qg7 37. Qxg7+ Kxg7) 34. Kh2 Qg3+ 35. Kh1 {[%mdl 32768] Weighted Error Value: White=0.91/Black=0.97.  Loses game:     	White=2     	---        Mistake:       	White=3     	Black=1      Inaccurate:     	White=1     	Black=1      OK:         	White=6     	Black=10     Best:        	White=5     	Black=4      Strong:       	---       	Black=1     . An unexpected result.} 1/2-1/2

[Event "Austrian Bundesliga 2023-24"]
[Site "Austria"]
[Date "2024.03.21"]
[Round "8.33"]
[White "Berchtenbreiter, Maximilian"]
[Black "Svane, Rasmus"]
[Result "1/2-1/2"]
[ECO "B19"]
[WhiteElo "2486"]
[BlackElo "2623"]
[Annotator "TA"]
[PlyCount "99"]
[EventDate "2023.10.21"]
[EventType "team-tourn"]
[EventCountry "AUT"]
[SourceTitle "playchess.com"]
[Source "ChessBase"]
[SourceQuality "1"]
[TimeControl "40/5400+30:1800+30"]

1. e4 c6 2. d4 d5 3. Nc3 dxe4 4. Nxe4 Bf5 5. Ng3 Bg6 6. h4 h6 7. Nf3 Nd7 8. a4 e6 9. Bd3 Bxd3 10. Qxd3 Ngf6 11. a5 Bd6 12. Ne4 Nxe4 13. Qxe4 O-O 14. a6 Qc7 15. axb7 Qxb7 16. O-O Nf6 17. Qe2 c5 18. Be3 Rfc8 19. Qa6 Qc7 (19... Qb8 $5) 20. Ra5 c4 21. Rb5 Rab8 22. Rxb8 Rxb8 23. Nd2 $2 (23. Qa2 $15) 23... Rxb2 $19 24. Nxc4 Bh2+ (24... Rxc2 $2 25. Nxd6 Rc6 26. Nb5 Rxa6 27. Nxc7 $18) 25. Kh1 Rxc2 26. Na3 Rc6 27. Qa4 Bd6 (27... a6 $19 {and Black stays clearly on top. ...Nd5 would now be deadly.} 28. g3 Bxg3 (28... Ng4 $2 29. d5 $18) 29. fxg3 Rc3 (29... Qxg3 30. Qxc6 Qh3+ 31. Kg1 $17)) 28. Nb5 $17 Qb7 {[%emt 0:00:45] Threatens to win with ...Be7.} 29. d5 Nxd5 30. Nxd6 Rxd6 31. Qxa7 Qb2 (31... Qb3 {simplifies} 32. Kh2 Rd8 33. Rc1 Nxe3 34. Qxe3 Qxe3 35. fxe3 Rd3) 32. Bd4 Qe2 $40 {[%emt 0:02:42][%mdl 128] Black goes for the king.} (32... Qb5 {simplifies} 33. Ra1 Rd7 34. Qa6 Qxa6 35. Rxa6 Nb4) 33. Qb8+ Kh7 34. Kg1 Rd7 35. Qe8 (35. Qe5 $17 Qg4 36. f3) 35... Re7 36. Qf8 Qg4 37. Be5 f6 $1 (37... Qxh4 38. Qxg7#) 38. Bg3 {[%emt 0:00:05] [#]} f5 $1 39. Bd6 Rd7 {[%emt 0:00:21][%cal Od5c3] White must now prevent ...Nc3!} 40. Re1 Nc3 {[%emt 0:00:00] aiming for ...Ne2+.} (40... Qxh4 41. Rxe6 Qg5 42. Qc8 $15) 41. Rxe6 {[%emt 0:03:47] [#]} Rb7 $2 (41... Qxh4 42. Qxf5+ g6 43. Qxg6+ Kh8 44. Re8#) (41... Nb5 $1 $19 42. Bg3 f4 43. Rxh6+ gxh6 44. Qxf4 Qxf4 45. Bxf4 Nc3) 42. Re1 $1 $11 {[%emt 0:13:51] The position is equal.} Rb5 (42... Qxh4 $2 {is the wrong capture.} 43. Qxf5+ g6 44. Qf3 $18 (44. Qc8 Ne2+ 45. Kf1 Ng3+ 46. fxg3 Rf7+ 47. Kg1 Qd4+ 48. Kh2 Qxd6 $11) (44. Qc8 Ne2+ 45. Kf1 Ng3+ 46. fxg3 Qh1+ 47. Kf2 Rb2+ 48. Re2 Rxe2+ 49. Kxe2 Qxg2+ 50. Ke3 Qg1+ 51. Ke2 Qg2+ 52. Ke3 Qg1+ 53. Ke4 Qg2+ 54. Ke3 $11)) 43. Qe7 {[%emt 0:10:30] Strongly threatening Be5.} Rb6 44. Qe5 Ne2+ 45. Kf1 Nd4 46. Bc5 Nc6 47. Qd5 Nb4 48. Bxb4 Rxb4 49. g3 Qc4+ 50. Qxc4 {[%emt 0:00:05] Black had all chances to win.   Weighted Error Value: White=0.18 (very precise) /Black=0.15 (very precise) .  Loses game:     	White=1     	---        Missed win:     	---       	Black=1      Mistake:       	White=1     	Black=1      Inaccurate:     	White=2     	Black=1      OK:         	White=15    	Black=17     Best:        	White=4     	Black=2      Strong:       	White=1     	Black=2} 1/2-1/2

[Event "Austrian Bundesliga 2023-24"]
[Site "Austria"]
[Date "2024.03.21"]
[Round "8.34"]
[White "Svane, Frederik"]
[Black "Hess, Max"]
[Result "1-0"]
[ECO "D36"]
[WhiteElo "2617"]
[BlackElo "2392"]
[Annotator "TA"]
[PlyCount "93"]
[EventDate "2023.10.21"]
[EventType "team-tourn"]
[EventCountry "AUT"]
[SourceTitle "playchess.com"]
[Source "ChessBase"]
[SourceQuality "1"]
[TimeControl "40/5400+30:1800+30"]

1. d4 Nf6 2. c4 e6 3. Nc3 d5 4. cxd5 exd5 5. Bg5 c6 6. Qc2 h6 7. Bh4 Be7 8. e3 O-O 9. Bd3 Re8 10. Nge2 Nbd7 11. h3 Nf8 12. Bg3 Bd6 13. O-O Bxg3 {[%emt 0:06:53] White has an edge.} 14. Nxg3 Qd6 15. Nb1 Ne6 16. Nd2 Ng5 17. Rfe1 Qe7 18. f3 Bd7 19. e4 dxe4 20. fxe4 Qd6 21. Ne2 {[%emt 0:00:33] [#]} Bxh3 $1 22. gxh3 Nxh3+ 23. Kg2 Qd7 {[%emt 0:04:12][%mdl 1024] Black has strong compensation.} 24. Nf1 Qg4+ 25. Nfg3 {[%emt 0:01:35] Threatens to win with Rh1.} h5 $2 (25... Ng5 $1 $17 {( -> ...Qh3+)} 26. Ng1 Nh5) 26. Rh1 $18 {[%emt 0:01:33] Repels} Ng5 27. Raf1 $1 Nd5 $2 (27... Ngxe4 28. Rf4 Qg5 29. Bxe4 $18) (27... Ne6) 28. exd5 h4 {[%emt 0:00:01][%cal Oe8e2] [#]} 29. Qb3 g6 {[%emt 0:01:47] [#] Against Bf5. Strongly threatening ...Re3.} (29... Re3 $2 30. Bh7+ (30. Qxb7 $2 Rxe2+ 31. Rf2 Qxg3+ 32. Kf1 Qxf2#) 30... Nxh7 31. Qxe3 $18) 30. Bc4 $2 cxd5 {[%emt 0:00:33] [#]} (30... b5 $1 $17 {[%cal Rb5c4] and life is bright.} 31. Rf4 (31. Bd3 $2 Re3 $19) 31... Rxe2+ 32. Bxe2 Qxf4) 31. Rxh4 $1 Qxh4 $11 32. Bxd5 Re7 {[%emt 0:01:01] White must now prevent ...Rae8.} 33. Nf4 (33. Bxb7 $2 Rae8 34. Bf3 Re3 $19) 33... Kg7 {[%emt 0:01:31] [#]} 34. Nfh5+ $1 Kg8 (34... Kh8 35. Nf4) 35. Nf6+ (35. Bxb7 $2 Rb8 36. Nf6+ Kf8 $19 (36... Kg7 $2 37. Nfh5+ Kg8 38. Rh1 $19)) (35. Qd3 $5 gxh5 36. Rh1 $16 (36. Qg6+ Kf8 $11)) 35... Kg7 36. Nfh5+ {[%emt 0:00:19] A dynamic duo of knights.} Kg8 37. Nf6+ (37. Bxb7 $2 Rb8 38. Nf6+ Kf8 $19 (38... Kg7 $2 39. Nfh5+ Kg8 40. Nf6+ Kf8 41. Qa3 $19)) 37... Kg7 38. Qa3 (38. Bxb7 $2 Rh8 $19) 38... Qh3+ 39. Kg1 {[%emt 0:00:01] Nfh5+ would now be deadly. Really sharp!} Rh8 {[%emt 0:00:39] [#]} 40. Nfh5+ $1 $16 (40. Qxe7 $2 Qh2#) ({Don't take} 40. Ngh5+ $6 Kf8 41. Qxh3 Nxh3+ 42. Kg2 Ng5 $11) 40... Rxh5 $2 (40... Kf8) 41. Nxh5+ $18 {[%emt 0:02:25] White is clearly winning.} (41. Qxe7 $2 Qh2#) 41... Qxh5 42. Qxe7 Qg4+ 43. Bg2 Qxd4+ 44. Rf2 Qd1+ 45. Kh2 Qd4 46. Qe1 Qh4+ 47. Kg1 {[%emt 0:00:34] Weighted Error Value: White=0.57/Black=0.59.  Loses game:     	---       	Black=1      Missed win:     	White=1     	---        Mistake:       	White=2     	Black=4      Inaccurate:     	White=5     	Black=1      OK:         	White=7     	Black=9      Best:        	White=4     	Black=1      Strong:       	White=2     	---        Brilliant:      	---       	Black=1} 1-0

[Event "Austrian Bundesliga 2023-24"]
[Site "Austria"]
[Date "2024.03.21"]
[Round "8.35"]
[White "Kruckenhauser, Arthur"]
[Black "Wagner, Dennis"]
[Result "0-1"]
[ECO "B30"]
[WhiteElo "2355"]
[BlackElo "2620"]
[Annotator "TA"]
[PlyCount "128"]
[EventDate "2023.10.21"]
[EventType "team-tourn"]
[EventCountry "AUT"]
[SourceTitle "playchess.com"]
[Source "ChessBase"]
[SourceQuality "1"]
[TimeControl "40/5400+30:1800+30"]

1. e4 c5 2. Nf3 Nc6 3. Bb5 e6 4. Bxc6 bxc6 5. b3 Ne7 6. Bb2 d6 7. e5 Nf5 8. O-O {[%emt 0:09:41] Weiß steht etwas besser.} f6 9. exd6 Bxd6 10. Na3 e5 11. d3 O-O 12. Nc4 Bc7 13. Ba3 Bb6 14. Nfd2 Nd4 15. Ne4 Qe7 16. Re1 Be6 17. c3 Nb5 18. Bb2 Nc7 19. Qe2 (19. a4 $5 Na6 20. Ba3 $11) 19... Rad8 20. Rad1 Bxc4 21. dxc4 f5 22. Rxd8 Rxd8 23. Ng3 Qf6 24. f3 (24. Qxe5 Re8 25. Qxe8+ Nxe8 26. Rxe8+ Kf7 $19) 24... Re8 25. Qd3 g6 26. Ba3 Nb5 27. Bc1 Nd6 {[%emt 0:00:08][%cal Bb5d6,Bd6f7,Bf7g5,Bg5e4][%mdl 32] [#]} 28. Bg5 $1 Qe6 (28... Qf8 29. Nh1) 29. Qe2 Ba5 30. Bd2 Nf7 31. Rd1 h5 32. Be1 e4 33. fxe4 f4 34. Nf1 Ng5 35. e5 Qxe5 36. Qxe5 Rxe5 37. b4 (37. Bd2 $11) 37... Bb6 $17 38. Bf2 (38. h4 $17 Ne4 (38... cxb4+ 39. Kh1 $17) 39. Kh2) 38... Ne4 $1 $19 39. Re1 Nxf2 $1 40. Rxe5 Nd3 41. bxc5 (41. Re8+ $2 Kf7 42. Rb8 cxb4+ 43. Rxb6 axb6 44. cxb4 Nxb4 $19) (41. Re6 $2 cxb4+ 42. Kh1 bxc3 $19) 41... Bxc5+ ({Vorzuziehen ist} 41... Nxe5 $19 42. cxb6 axb6) 42. Rxc5 $15 Nxc5 $19 {[%emt 0:00:04][%mdl 4096] Endspiel. KN-KN. Schwarz hat alles unter Kontrolle.} 43. Nd2 {[%emt 0:06:59] [#] Verhindert Ne4} Kf7 $1 44. Kf2 Kf6 45. Kf3 Kf5 46. Ke2 g5 47. Nf3 {[%emt 0:01:20] [#]} Ne6 48. Kd3 (48. Nd2 $17) 48... g4 49. Nd2 (49. Nd4+ Nxd4 50. Kxd4 h4 $19) 49... h4 50. h3 $2 (50. a3) 50... gxh3 ({Nicht} 50... Ng5 51. hxg4+ Kxg4 52. Ke2 $17) 51. gxh3 Ng5 52. c5 Nxh3 {[%emt 0:03:31] ...Nf2+ ist eine echte Drohung.} 53. Nf3 Kg4 54. Ne5+ Kg3 {[%emt 0:00:04] ( -> ...Nf2+)} 55. Nxc6 Nf2+ 56. Kd4 h3 {[%emt 0:00:04] Schwarz setzt Matt.} 57. Nxa7 h2 58. c6 h1=Q ({Lieber nicht} 58... h1=R 59. c7 Rd1+ 60. Kc4 $11) 59. c7 Qe4+ 60. Kc5 Nd3+ 61. Kb6 Qe6+ 62. Kb5 Qd7+ 63. Kb6 Qd6+ 64. Nc6 Qc5+ {[%emt 0:00:20] Gewichteter Fehlerwert: Weiß=0.54/Schwarz=0.06 (makellos) .  Fehler:       	Weiß=4     	Schwarz=1     Ungenau:       	Weiß=3     	Schwarz=2     OK:         	Weiß=13    	Schwarz=19    Bester:       	Weiß=5     	Schwarz=3     Stark:        	---       	Schwarz=3} 0-1

[Event "Austrian Bundesliga 2023-24"]
[Site "Austria"]
[Date "2024.03.21"]
[Round "8.36"]
[White "Buhmann, Rainer"]
[Black "Ciolek, Andreas"]
[Result "1-0"]
[ECO "D38"]
[WhiteElo "2568"]
[BlackElo "2302"]
[Annotator "TA"]
[PlyCount "81"]
[EventDate "2023.10.21"]
[EventType "team-tourn"]
[EventCountry "AUT"]
[SourceTitle "playchess.com"]
[Source "ChessBase"]
[SourceQuality "1"]
[TimeControl "40/5400+30:1800+30"]

1. d4 d5 2. c4 e6 3. Nf3 Nf6 4. Nc3 Bb4 5. Qa4+ Nc6 6. e3 O-O 7. Qc2 Re8 8. Bd2 b6 9. a3 {[%emt 0:05:39] The position is equal.} Bf8 10. cxd5 exd5 11. Bb5 Bb7 12. Ne2 Re6 13. Nf4 Rd6 14. Rc1 a6 $1 15. Bd3 Rc8 16. Bf5 Rb8 17. O-O $40 {[%emt 0:03:58][%mdl 128] White has some attack.} g6 18. Bh3 Ne4 19. g3 g5 20. Nd3 Rh6 21. Bg2 Bd6 (21... f6 $11) 22. Nfe5 $14 Ne7 (22... Nxe5 $1 $14 23. dxe5 Be7) 23. f3 Nxd2 24. Qxd2 f6 {[%emt 0:10:00] Against f4} 25. Ng4 Rg6 26. e4 {[%emt 0:02:36] [#] Hoping for e5. White is more active.} f5 (26... Nc6 $16 {is a better defense.}) 27. e5 (27. exf5 $18 Nxf5 28. Nde5 Bxe5 29. dxe5 (29. Nxe5 Rg7 $18)) 27... fxg4 $16 28. fxg4 c6 29. exd6 $18 Qxd6 30. Rce1 (30. Ne5 Rg7 31. Qf2 a5) 30... Rf8 $2 (30... a5 31. Ne5 Rg7) 31. Qe3 (31. Rxf8+ $142 Kxf8 32. Ne5) 31... Rxf1+ 32. Bxf1 Kf8 (32... Rg7 33. b4 Nc8) 33. Ne5 Rg7 34. Bd3 Bc8 35. Qf2+ Ke8 36. Bf5 {[%emt 0:03:30] [#] Bxc8 would now be deadly.} Bxf5 (36... Be6 $142 37. Rf1 Ng6 38. Nxg6 (38. Bxg6+ hxg6 39. Qe3 c5 $18) 38... Rxg6 39. Bxg6+ hxg6) 37. gxf5 {[%emt 0:00:03] Black must now prevent f6.} Rg8 38. f6 (38. Qe2 $142 {Intending Qh5+ and mate.} g4 39. Qxa6 (39. Nxg4 b5 $18)) 38... Rf8 39. Ng4 Rf7 (39... h5 $142) 40. Qf5 Qc7 {[%emt 0:00:00] Repels Qc8+} 41. Qxg5 {[%emt 0:02:51] Weighted Error Value: White=0.31/Black=0.58.  Mistake:       	White=2     	Black=8      Inaccurate:     	White=2     	Black=3      OK:         	White=15    	Black=11     Best:        	White=1     	Black=1      Strong:       	---       	Black=1} (41. Rxe7+ Qxe7 42. Qc8+ (42. Qxg5 Qe4 $16) 42... Qd8 43. Qxc6+ (43. Qxa6 h5 $11) 43... Kf8 $16) 1-0

[Event "Austrian Bundesliga 2023-24"]
[Site "Austria"]
[Date "2024.03.22"]
[Round "9.1"]
[White "Donchenko, Alexander"]
[Black "Ragger, Markus"]
[Result "1-0"]
[ECO "D85"]
[WhiteElo "2631"]
[BlackElo "2605"]
[Annotator "TA"]
[PlyCount "79"]
[EventDate "2023.10.21"]
[EventType "team-tourn"]
[EventCountry "AUT"]
[SourceTitle "playchess.com"]
[Source "ChessBase"]
[SourceQuality "1"]
[TimeControl "40/5400+30:1800+30"]

1. d4 Nf6 2. c4 g6 3. Nc3 d5 4. Nf3 Bg7 5. cxd5 Nxd5 6. e4 Nxc3 7. bxc3 c5 8. Be3 Bg4 9. Qa4+ (9. dxc5 Bxc3+ 10. Bd2 Bxa1 11. Qxa1 f6 $17 (11... O-O 12. Bh6 $11)) 9... Nd7 10. Be2 O-O 11. Rd1 (11. dxc5 $2 Bxc3+ (11... Bxf3 $2 12. Bxf3 Bxc3+ 13. Ke2 $19) 12. Nd2 Nxc5 $19 (12... Bxa1 $2 13. Bxg4 Ne5 14. Be2 $19)) 11... cxd4 {[%emt 0:06:56] The position is equal.} 12. cxd4 Nf6 13. d5 b5 14. Qb4 {[%emt 0:00:51] Strongly threatening e5.} (14. Qxb5 Nxe4 15. Qc4 Qa5+ 16. Kf1 Bf5 $17) 14... a5 15. Qb1 b4 16. O-O Nd7 17. h3 Bxf3 18. Bxf3 Nb6 19. Qb3 {[%emt 0:06:48] Prevents Na4.} Rc8 20. Rc1 Bc3 (20... Qd6 $11) 21. Bg4 $1 $14 a4 {[%emt 0:03:45] Black is weak on the light squares} 22. Qd1 Ra8 {[%emt 0:03:18] [#]} 23. Rxc3 $1 bxc3 24. Qd4 {[%emt 0:00:08][%csl LRb6,LRc3][%cal Oe3h6] Repels Nc4} Re8 25. Rc1 Nd7 26. Rxc3 Nf6 27. Bf3 $40 {[%emt 0:03:19][%mdl 128] White is up to no good. White has more active pieces.} Qa5 {[%emt 0:04:51] Loses the game.} (27... e5 $14 28. dxe6 fxe6) 28. e5 $18 Nxd5 (28... Nd7 $142 29. e6 fxe6) 29. Bxd5 {[%emt 0:01:00] This pair of bishops is nice.} Rad8 30. Rc5 Qe1+ 31. Kh2 e6 {[%emt 0:00:03] [#]} 32. Bh6 $1 (32. Qxa4 exd5 $11) 32... a3 (32... exd5 $2 33. e6 $18) (32... Rxd5 33. Rxd5) (32... Qe2 {keeps fighting.}) 33. Rc1 (33. Bd2 Qd1 (33... Rxd5 $2 {is the wrong capture.} 34. Rxd5 $18) 34. Qf4 Rxd5 35. Rxd5 exd5 $15) 33... Rxd5 $2 {[%emt 0:06:01] [#]} (33... Qe2 {was worth a try.}) 34. Qa4 $1 ({Worse is} 34. Qxd5 Qxc1 (34... Qxf2 35. Qd7 Rf8 36. Rc8) 35. Qd7 Qc8 $17 (35... Qxh6 36. Qxe8+ Kg7 37. Qa4 $11)) 34... Qxe5+ 35. Bf4 Qd4 (35... Qf6 $142 36. Qxe8+ Kg7) 36. Qxe8+ Kg7 37. Be3 Qe5+ 38. g3 {[%emt 0:03:02] Threatens to win with Rc8.} Rd3 39. Bc5 (39. Rc8 $142 Kf6 40. Bc5 (40. Qh8+ Kf5 $18)) 39... Qd5 40. Bf8+ {[%emt 0:00:00] Weighted Error Value: White=0.30/Black=0.60.  Mistake:       	---       	Black=6      Inaccurate:     	White=2     	Black=3      OK:         	White=12    	Black=11     Best:        	White=3     	Black=3      Strong:       	White=2     	---} 1-0